 Dungeon Crawl Stone Soup version 0.26.1-2-gb8aa6d0cf2 (console) character file.

Game seed: 7581775039822459637

56 om the Chopper (level 3, -9/33 HPs)
             Began as a Minotaur Monk on Feb 23, 2021.
             Mangled by Sigmund
             ... wielding a +0 scythe
              (10 damage)
             ... on level 2 of the Dungeon.
             The game lasted 00:02:34 (1576 turns).

om the Chopper (Minotaur Monk)                      Turns: 1576, Time: 00:02:34

Health: -9/33      AC:  6    Str: 15    XL:     3   Next: 71%
Magic:  2/2        EV: 15    Int:  7    God:
Gold:   77         SH:  0    Dex: 13    Spells: 2/2 levels left

rFire    . . .     SeeInvis .   a - +0 hand axe
rCold    . . .     Faith    .   (no shield)
rNeg     . . .     Spirit   .   j - +0 scale mail
rPois    .         Reflect  .   (helmet restricted)
rElec    .         Harm     .   (no cloak)
rCorr    +         Rampage  .   (no gloves)
Will     .....                  (no boots)
Stlth    ..........             (no amulet)
HPRegen  0.11/turn              f - +4 ring of evasion
MPRegen  0.08/turn              h - ring of resist corrosion

@: attractive
A: retaliatory headbutt, horns 2
a: no special abilities


You were on level 2 of the Dungeon.
You visited 1 branch of the dungeon, and saw 2 of its levels.

You collected 77 gold pieces.

Inventory:

Hand Weapons
 a - a +0 hand axe (weapon)
Armour
 j - a +0 scale mail (worn)
Jewellery
 f - a +4 ring of evasion (left hand)
 h - a ring of resist corrosion (right hand)
Scrolls
 d - 2 scrolls of fog {unknown}
 e - 2 scrolls of identify {unknown}
 g - a scroll of amnesia {unknown}
 i - a scroll of magic mapping {unknown}
Potions
 b - a potion of curing


   Skills:
 + Level 4.1 Fighting
 * Level 4.6 Axes
 + Level 1.5 Armour
 + Level 3.7 Dodging
 - Level 1.5 Stealth


You had 2 spell levels left.
You didn't know any spells.
Your spell library was empty.

Dungeon Overview and Level Annotations

Branches:
Dungeon (2/15)

Altars:
Trog

Annotations:
D:2 Sigmund


Innate Abilities, Weirdness & Mutations

You reflexively headbutt those who attack you in melee.
You have a pair of horns on your head.


Message History

You miss something.
You hear some strange, mumbled words.
You are confused.
It was a potion of curing.
You feel better.
You hear some strange, mumbled words.
A magic dart appears from out of thin air!
The magic dart hits you!
* * * LOW HITPOINT WARNING * * *
Okay, then.
You miss something. Something hits you but does no damage.
It was a potion of attraction.
You feel attractive to monsters.
You closely miss something.
You hear some strange, mumbled words.
A magic dart appears from out of thin air!
The magic dart hits you!
* * * LOW HITPOINT WARNING * * *
You closely miss something. Your headbutt misses something.
Something hits you but does no damage.
You hit something. Your headbutt misses something. Something hits you!
You die...

#<# ########
#.# ##P...# #.#
#§§§.P#
##.####§§§P§###
#.#.†..§§.P...#
#
#..######§§...#
#. #.##
.......... ##.#
#.# .###.....#
#...# #.# #
#.....#
##...{###.#.§§
###.#.#
#.....@....§§§
#.#.#
#......###.#§§§
#.#.# ###...#
#.#§§§§§§##.#..
##.# #.#
§.§.....<.. #.
#.# ##§####.#..
# #.. ...#..
##. ..####.. .
... #.. P. #..
. #.. #..


There were no monsters in sight!

Vanquished Creatures
  A gnoll (D:1)
  An adder skeleton (D:2)
  4 dart slugs
  A leopard gecko (D:1)
  A bat zombie (D:2)
  3 giant cockroaches (D:1)
  3 goblins (D:1)
  3 hobgoblins
  3 jackals (D:1)
  2 kobolds (D:1)
  4 bats
  3 frilled lizards (D:1)
  2 leopard gecko zombies (D:2)
  5 rats
36 creatures vanquished.

Vanquished Creatures (others)
  8 withered plants (D:2)
8 creatures vanquished.

Grand Total: 44 creatures vanquished

Notes
Turn   | Place    | Note
-------+----------+-------------------------------------------
     0 | D:1      | om the Minotaur Monk began the quest for the Orb.
     0 | D:1      | Reached XP level 1. HP: 19/19 MP: 0/0
   108 | D:1      | Reached XP level 2. HP: 11/27 MP: 1/1
   552 | D:1      | Reached skill level 1 in Armour
   946 | D:1      | Reached XP level 3. HP: 31/33 MP: 2/2
  1457 | D:2      | Found a bloodstained altar of Trog.
  1557 | D:2      | Noticed Sigmund
  1574 | D:2      | HP: 1/33 [something/magic dart (7)]
  1576 | D:2      | Mangled by Sigmund

Illustrated notes

Levels and vault maps discovered:
D:1:      dpeg_arrival_rooms_a, layout_rooms, minmay_misc_feat_secret_circle,
          minmay_crystal_water
D:2:      layout_loops_ring, marbit_many_paths, yredelemnul_altar_generic,
          serial_undead, serial_undead_f, serial_undead_e, serial_undead_f,
          serial_undead_b, serial_undead_a, serial_undead_a, serial_undead_f,
          serial_undead_a, serial_undead_c, serial_undead_b,
          trog_three_pillars_becter, uniq_natasha, uniq_sigmund

Skill      XL: |  1  2 |
---------------+-------+-----
Axes           | 4 |  4.6
Armour         | 1 |  1.5
Fighting       | 4 |  4.1
Dodging        | |  3.7
Stealth        | |  1.5

Action                   || total
-------------------------++-------
Melee: Hand axe          ||    80
       Headbutt          ||    17
  Use: Potion            ||     2
 Stab: Sleeping          ||     4
Armor: Robe              ||     3
       Scale mail        ||     9
Dodge: Dodged            ||    63
